 Dungeon Crawl Stone Soup version 0.20-a0-772-g73021bd (webtiles) character file.

515 polly the Shield-Bearer (level 7, -2/43 HPs)
             Began as a Gargoyle Fighter on Feb 26, 2017.
             Killed from afar by an orc wizard (7 damage)
             ... with a magic dart
             ... on level 4 of the Dungeon.
             The game lasted 00:03:03 (2594 turns).

polly the Shield-Bearer (Gargoyle Fighter)          Turns: 2594, Time: 00:03:04

Health: -2/43      AC: 12    Str: 24      XL:     7   Next: 20%
Magic:  7/7        EV:  8    Int:  9      God:
Gold:   114        SH: 10    Dex:  9 (11) Spells: 6/6 levels left

rFire    . . .     SeeInvis .   a - +0 flail
rCold    . . .     Gourm    .   b - +0 scale mail
rNeg     + . .     Faith    .   c - +0 shield
rPois    ∞         Spirit   .   (no helmet)
rElec    +         Reflect  .   (no cloak)
rCorr    .         Harm     .   (no gloves)
MR       .....                  (no boots)
Stlth    ..........             (no amulet)
Regen    0.2/turn               (no ring)
MPRegen  0.1/turn               (no ring)

@: mighty, very slightly contaminated
A: negative energy resistance 1, electricity resistance, unbreathing,
petrification resistance, rot immunity, AC +4
a: no special abilities


You were on level 4 of the Dungeon.
You were hungry.

You visited 1 branch of the dungeon, and saw 4 of its levels.

You collected 114 gold pieces.

Inventory:

Hand Weapons
 a - a +0 flail (weapon)
Missiles
 q - a throwing net (quivered)
Armour
 b - a +0 scale mail (worn)
 c - a +0 shield (worn)
Scrolls
 e - a scroll of immolation {unknown}
 i - 2 scrolls of remove curse {unknown}
 j - 3 scrolls of identify {unknown}
 m - a scroll of random uselessness {unknown}
 p - a scroll of teleportation {unknown}
Potions
 g - a potion of haste
 h - a potion of lignification
 l - a potion of curing {unknown}
 n - a potion of heal wounds {unknown}
 r - a potion of flight {unknown}
Books
 s - a book of Changes

   Spells                             Type                      Level
   a - Beastly Appendage              Transmutation                1
   b - Sticks to Snakes               Transmutation                2
   c - Spider Form                    Transmutation/Poison         3
   d - Ice Form                       Ice/Transmutation            4
   e - Blade Hands                    Transmutation                5
Comestibles
 f - 3 bread rations
 k - 4 fruits
 o - a royal jelly


   Skills:
 + Level 4.1 Fighting
 + Level 4.4 Maces & Flails
 + Level 4.7 Armour
 + Level 1.7 Dodging
 + Level 1.2 Stealth
 + Level 5.3 Shields


You had 6 spell levels left.
You didn't know any spells.

Dungeon Overview and Level Annotations

Branches:
Dungeon (4/15)
 Temple: D:4-7

Altars:
Cheibriados
Nemelex Xobeh


Innate Abilities, Weirdness & Mutations

You are resistant to torment.
Your stone body is resilient. (AC +4)
You are immune to poison.
You resist negative energy. (rN+)
You are resistant to electric shocks. (rElec)
You can survive without breathing.
You are immune to petrification.
You are immune to rotting.


Message History

Unknown command.
Unknown command.
You barely miss the crimson imp. The crimson imp hits you.
You bludgeon the crimson imp!!
You kill the crimson imp!
You hear some strange, mumbled words.
A puff of flame appears from out of thin air!
The puff of flame hits you!
* * * LOW HITPOINT WARNING * * *
You block something's attack.
Items here: ( )))))))))) ? [[ ††††††† You hit something.
You hear some strange, mumbled words.
Something tries to affect you, but you resist.
You miss something. Something hits you but does no damage.
You barely miss something.
You hear some strange, mumbled words.
A magic dart appears from out of thin air!
The magic dart hits you!
You die...

#.#....#.#
##.#....#.#
#.........###
#............
.........
#....###.# ..
#.<....... #
.. #{..####.#
#.#. #@### #.
.# #(# #....
#)# #..#. #.#
#... ...
#####.< ...
.......#
..(..
..#####.
..... .......
##...##
######.


There were no monsters in sight!

Vanquished Creatures
  The ghost of tbh1313 the Destroyer, an amateur DECj (D:4)
  Eustachio (D:4)
  A howler monkey (D:4)
  A crimson imp (D:4)
  2 orc wizards (D:4)
  Robin (D:4)
  3 adders
  2 oozes (D:2)
  2 dart slugs
  2 worms
  2 leopard geckos
  4 orcs
  14 goblins
  4 hobgoblins
  6 kobolds
  2 quokkas
  A ball python (D:1)
  6 bats (D:2)
  4 frilled lizards
  4 rats
63 creatures vanquished.

Vanquished Creatures (others)
  A leopard gecko skeleton (D:4)
1 creature vanquished.

Grand Total: 64 creatures vanquished

Notes
Turn   | Place    | Note
-------+----------+-------------------------------------------
     0 | D:1      | polly the Gargoyle Fighter began the quest for the Orb.
     0 | D:1      | Reached XP level 1. HP: 14/14 MP: 1/1
   218 | D:1      | Reached XP level 2. HP: 17/19 MP: 2/2
   377 | D:1      | Found a sparkling altar of Nemelex Xobeh.
   866 | D:2      | Reached XP level 3. HP: 22/23 MP: 3/3
   875 | D:2      | Found a snail-covered altar of Cheibriados.
   928 | D:2      | Reached skill level 4 in Shields
  1290 | D:2      | Reached XP level 4. HP: 28/28 MP: 4/4
  1498 | D:3      | Noticed an orc warrior
  2243 | D:4      | Noticed tbh1313's ghost (amateur DECj)
  2502 | D:4      | Noticed Robin
  2510 | D:4      | Killed Robin
  2539 | D:4      | Noticed Eustachio
  2541 | D:4      | Reached XP level 5. HP: 24/32 MP: 5/5
  2556 | D:4      | Killed tbh1313's ghost
  2556 | D:4      | Reached skill level 1 in Dodging
  2556 | D:4      | Reached skill level 1 in Stealth
  2556 | D:4      | Reached XP level 6. HP: 30/37 MP: 6/6
  2558 | D:4      | Reached skill level 5 in Shields
  2588 | D:4      | Killed Eustachio
  2588 | D:4      | Reached XP level 7. HP: 14/43 MP: 7/7
  2594 | D:4      | Killed from afar by an orc wizard

Vault maps used:
D:1:      saegor_arrival_simple_b, nemelex_diamond_rough_becter
D:2:      kennysheep_slug_shrine
D:4:      lemuel_doored_altar, minivault_24, tso_metal_star, uniq_eustachio,
          uniq_robin, uniq_crazy_yiuf_cottage

Skill      XL: |  1  2  3  4  5  6 |
---------------+-------------------+-----
Shields        | 4 5 |  5.3
Maces & Flails | 3 4 |  4.4
Armour         | 4 |  4.7
Dodging        | 1 |  1.7
Stealth        | 1 |  1.2
Fighting       | 4 |  4.1

Action                   |  1- 3 |  4- 6 |  7- 9 || total
-------------------------+-------+-------+-------++-------
Melee: Flail             |   141 |   141 |     5 ||   287
  Use: Potion            |       |     3 |       ||     3
  Eat: Chunk             |     2 |     3 |       ||     5
Armor: Scale mail        |    94 |    88 |     2 ||   184
       Skin              |       |    17 |       ||    17
Dodge: Dodged            |    46 |    49 |       ||    95
Block: Shield            |    78 |    99 |     1 ||   178
